 Dungeon Crawl Stone Soup version 0.30-a0-743-gbfdf073431 (webtiles) character file.

Game seed: 14237460778017208341

1649 Newt the Poker (level 8, 0/60 HPs)
             Began as a Demonspawn Gladiator on Feb 6, 2023.
             Was an Initiate of Makhleb.
             Killed from afar by an electric eel (9 damage)
             ... with a bolt of electricity
             ... on level 6 of the Dungeon.
             The game lasted 00:04:43 (4436 turns).

Newt the Poker (Demonspawn Gladiator)               Turns: 4436, Time: 00:04:43

Health: 0/60       AC:  7    Str: 17    XL:     8   Next: 67%
Magic:  12/12      EV: 13    Int: 12    God:    Makhleb [......]
Gold:   906        SH:  4    Dex: 18    Spells: 7/7 levels left

rFire   . . .      SeeInvis .    j - +1 scythe (venom)
rCold   . . .      Faith    .    (shield currently unavailable)
rNeg    + . .      Spirit   .    b - +0 leather armour
rPois   .          Reflect  .    c - +0 helmet
rElec   .          Harm     .    (cloak unavailable)
rCorr   .          Rampage  .    o - +1 pair of gloves "Beisch" {Int+3 Dex+3}
Will    +....                    n - +2 pair of boots
Stlth   ++                       (no amulet)
HPRegen 0.30/turn                t - ring of positive energy
MPRegen 0.13/turn                w - ring of willpower

@: corroded
A: sharp scales 2, condensation shield, weakness stinger 3
a: Renounce Religion


You were on level 6 of the Dungeon.
You worshipped Makhleb.
Makhleb was noncommittal.
You visited 1 branch of the dungeon, and saw 5 of its levels.

You collected 1313 gold pieces.
You spent 407 gold pieces at shops.

Inventory:

Hand Weapons
 a - a +0 rapier
 f - a +1 dagger of flaming
 j - a +1 scythe of venom (weapon)
Missiles
 d - 3 throwing nets (quivered)
 e - a javelin
 l - 6 boomerangs of dispersal
Armour
 b - a +0 leather armour (worn)
 c - a +0 helmet (worn)
 n - a +2 pair of boots (worn)
 o - the +1 pair of gloves "Beisch" (worn) {Int+3 Dex+3}
   (You bought it in a shop on level 3 of the Dungeon)

   Int:       It affects your intelligence (+3).
   Dex:       It affects your dexterity (+3).
 r - a scarf of resistance
 s - a +0 tower shield
Jewellery
 t - a ring of positive energy (left hand)
 w - a ring of willpower (right hand)
 D - a ring of fire
 F - an amulet of faith
Wands
 u - a wand of mindburst (5)
Scrolls
 i - 3 scrolls of teleportation
 p - a scroll of enchant weapon {unknown}
 q - a scroll of summoning {unknown}
 y - a scroll of noise {unknown}
 A - a scroll of fear {unknown}
 B - a scroll of brand weapon {unknown}
Potions
 g - a potion of brilliance
 h - 8 potions of curing
 k - 3 potions of mutation
 m - 3 potions of might
 v - a potion of attraction
 x - a potion of magic
 z - 3 potions of degeneration
 C - a potion of resistance {unknown}
 E - a potion of invisibility


   Skills:
 - Level 4.0 Fighting
 - Level 4.0 Short Blades
 - Level 6.0 Polearms
 - Level 1.7 Throwing
 + Level 3.6 Armour
 - Level 4.0 Dodging
 - Level 1.5 Stealth
 - Level 6.0 Invocations


You had 7 spell levels left.
You didn't know any spells.
Your spell library contained the following spells:

 Spells                   Type           Power      Damage    Failure   Level
 Blink                    Tloc           0%         N/A       52%         2
 Lesser Beckoning         Tloc           0%         N/A       52%         2
 Momentum Strike          Conj/Tloc      0%         3d8       52%         2
 Call Canine Familiar     Summ           0%         N/A       75%         3
 Gell's Gravitas          Tloc           0%         N/A       75%         3
 Portal Projectile        Hex/Tloc       0%         N/A       75%         3
 Teleport Other           Tloc           0%         N/A       75%         3
 Leda's Liquefaction      Hex/Erth       0%         N/A       98%         4
 Iskenderun's Battlesphe  Conj           0%         2d6       100%        5
 Iron Shot                Conj/Erth      0%         9d1       100%        6
 Spellforged Servitor     Conj/Summ      0%         N/A       100%        7


Dungeon Overview and Level Annotations

Branches:
Dungeon (6/15)
 Temple: D:4-7

Altars:
Makhleb
Ru

Shops:
D:3 [


Innate Abilities, Weirdness & Mutations

You are mostly covered in razor-sharp scales. (AC +2, Slay +2)
A meltable shield of frost defends you. (SH +4)
You have a sharp stinger which inflicts weakening toxins.


Message History

Your hands burn!
Your tail-slap misses the jelly.
The jelly is almost dead.
The jelly barely misses you.
You hit the jelly but do no damage.
Your hands burn!
The jelly is almost dead.
You kill the jelly!
Makhleb accepts your kill.
You reach to attack!
You miss the electric eel.
You reach to attack!
You hit the electric eel but do no damage.
The electric eel is poisoned.
The electric eel shoots out a bolt of lightning at you!
The bolt of electricity hits you.
You reach to attack!
You slash the electric eel!
The electric eel looks as sick as possible!
The electric eel is almost dead.
You kill the electric eel!
Makhleb accepts your kill.
You hear a splash.
You reach to attack!
You hit the electric eel but do no damage.
The electric eel is poisoned.
The electric eel shoots out a bolt of lightning at you!
The bolt of electricity hits you.
You reach to attack!
You closely miss the electric eel.
The electric eel is lightly wounded.
The electric eel shoots out a bolt of lightning at you!
The bolt of electricity misses you.
The electric eel shoots out a bolt of lightning at you!
The bolt of electricity hits the electric eel.
The electric eel completely resists.
The bolt of electricity hits the electric eel.
The electric eel completely resists.
The bolt of electricity hits you!
The electric eel shoots out a bolt of lightning at you!
The bolt of electricity misses the electric eel.
The bolt of electricity hits the electric eel.
The electric eel completely resists.
The bolt of electricity hits you!
* * * LOW HITPOINT WARNING * * *
The bolt of electricity hits you!
You die...

#..##.####.....
##.............
#######..<....
#......... #.###.....
#.###..... ###.#...#.##
#########.....#.....
###..@......##.##.....
#....###....##.##.....
#~~S♣♣♣~~P^.#..##.....
♣♣~♣♣~♣P~♣♣~~♣###.....
♣S~~~~~~~~~♣♣♣♣♣....#
SP≈≈~~~~~~♣~~~♣♣###.#
~≈≈~≈≈≈≈~~~~~~~~~♣#..#
~≈≈≈≈≈≈≈≈≈≈~~~~~~♣♣♣..#
~≈≈≈≈≈≈≈≈≈≈~≈≈~♣~P~~~~.#


You could see 3 electric eels.

Vanquished Creatures
  Grinder (D:6)
  Sigmund (D:2)
  A water moccasin (D:5)
  2 sky beasts (D:6)
  3 ogres (D:5)
  A centaur (D:6)
  A necrophage (D:3)
  A howler monkey (D:5)
  3 electric eels (D:6)
  2 jellies (D:6)
  3 hounds
  2 orc priests (D:3)
  3 iguanas (D:5)
  6 adders
  A white imp (D:5)
  3 worms
  7 dart slugs
  9 orcs
  8 ball pythons
  7 endoplasms
  4 giant cockroaches
  7 goblins
  10 hobgoblins
  4 jackals (D:3)
  A quokka (D:1)
  4 bats
  6 frilled lizards
  12 kobolds
  6 rats
119 creatures vanquished.

Vanquished Creatures (others)
  3 plants (D:6)
3 creatures vanquished.

Grand Total: 122 creatures vanquished

Notes
Turn   | Place    | Note
-------+----------+-------------------------------------------
     0 | D:1      | Newt the Demonspawn Gladiator began the quest for the Orb.
     0 | D:1      | Reached XP level 1. HP: 16/16 MP: 1/1
    28 | D:1      | Reached skill level 1 in Stealth
   149 | D:1      | Gained mutation: You are partially covered in razor-sharp
                  | scales. (AC +1, Slay +1) [demonic ancestry]
   149 | D:1      | Reached XP level 2. HP: 21/22 MP: 2/2
   590 | D:1      | Gained mutation: You have a small tail. [demonic ancestry]
   590 | D:1      | Reached XP level 3. HP: 29/29 MP: 3/3
   632 | D:1      | Found a faded altar of an unknown god.
  1223 | D:2      | Gained mutation: You have a tail ending in a sharp stinger.
                  | [demonic ancestry]
  1223 | D:2      | Reached XP level 4. HP: 33/37 MP: 4/4
  1281 | D:2      | Noticed Sigmund
  1290 | D:2      | Killed Sigmund
  1291 | D:2      | Reached XP level 5. HP: 42/42 MP: 5/5
  1924 | D:3      | Identified a scroll of acquirement
  1924 | D:3      | Acquired 1013 gold pieces
  1932 | D:3      | Found Ixtoduj's Armour Shop.
  1941 | D:3      | Bought the +1 pair of gloves "Beisch" {Int+3 Dex+3} for 407
                  | gold pieces
  2037 | D:3      | Gained mutation: You have a sharp stinger which inflicts
                  | weakening toxins. [demonic ancestry]
  2037 | D:3      | Reached XP level 6. HP: 45/48 MP: 6/6
  2182 | D:3      | Reached skill level 1 in Polearms
  2625 | D:3      | You fall into a shaft and drop 2 floors!
  2625 | D:5      | Entered Level 5 of the Dungeon
  2625 | D:5      | Found a burning altar of Makhleb.
  2636 | D:5      | Became a worshipper of Makhleb the Destroyer
  2725 | D:5      | Gained mutation: You are mostly covered in razor-sharp
                  | scales. (AC +2, Slay +2) [demonic ancestry]
  2725 | D:5      | Reached XP level 7. HP: 54/54 MP: 7/7
  3012 | D:5      | Reached skill level 5 in Polearms
  3247 | D:5      | Found a sacrificial altar of Ru.
  3426 | D:5      | Reached skill level 1 in Invocations
  3525 | D:6      | Gained mutation: A meltable shield of frost defends you.
                  | (SH +4) [demonic ancestry]
  3525 | D:6      | Reached XP level 8. HP: 4/60 MP: 7/9
  4183 | D:6      | Noticed Grinder
  4196 | D:6      | Killed Grinder
  4436 | D:6      | Killed from afar by an electric eel

Illustrated notes

Levels and vault maps discovered:
D:1:      sevenhm_arrival_forest_fort_small_6, layout_basic,
          shapermc_ecumenical_altar_mp_vishouse, minmay_octomino_j4
D:2:      layout_loops_corners, minmay_surrounded, uniq_sigmund
D:3:      layout_basic, serial_shops, nicolae_square_shop,
          minmay_misc_feat_four_crosses, minmay_divided_ellipse
D:5:      layout_gridville, bloody_makhleb, general_overflow_altar,
          roderic_lattice_a
D:6:      layout_rooms, kennysheep_mini_moat, serial_bayou_lake_a, uniq_grinder

Skill      XL: |  1  2  3  4  5  6  7  8 |
---------------+-------------------------+-----
Stealth        | 1 |  1.5
Fighting       | 3 4 |  4.0
Short Blades   | 4 |  4.0
Dodging        | 3 4 |  4.0
Polearms       | 3 6 |  6.0
Invocations    | 2 6 |  6.0
Armour         | 3 |  3.6
Throwing       | |  1.7

Action                     |  1- 3 |  4- 6 |  7- 9 || total
---------------------------+-------+-------+-------++-------
  Melee: Dagger            |   114 |     7 |       ||   121
         Rapier            |     8 |       |       ||     8
         Tailslap          |     9 |    11 |    13 ||    33
         Halberd           |       |    92 |    96 ||   188
  Throw: Throwing net      |       |     1 |     4 ||     5
    Use: Scroll            |     3 |     4 |     2 ||     9
         Potion            |       |       |     1 ||     1
   Stab: Sleeping          |     3 |     6 |     4 ||    13
         Held in net/web   |       |     2 |     1 ||     3
         Distracted        |       |     1 |       ||     1
         Invisible         |       |       |     3 ||     3
 Armour: Leather armour    |    41 |    48 |    24 ||   113
  Dodge: Dodged            |    74 |    78 |    40 ||   192
  Block: Other             |       |       |     4 ||     4

Table legend: (Time is in decaauts)
 A = Elapsed time spent in this place.
 B = Non-inter-level travel time spent in this place.
 C = Inter-level travel time spent in this place.
 D = Time resting spent in this place.
 E = Time spent auto-exploring this place.
 F = Levels seen in this place.
 G = Mean time per level.
                   A        B        C        D        E       F      G
               +--------+--------+--------+--------+--------+-----+--------+
         Total |   4497 |   4403 |     94 |    505 |   3084 |   5 |  899.4 |
       Dungeon |   4497 |   4403 |     94 |    505 |   3084 |   5 |  899.4 |
               +--------+--------+--------+--------+--------+-----+--------+

Top non-repeatable levels by time:
     D:6: 981 daAuts
     D:2: 970 daAuts
     D:1: 942 daAuts
     D:5: 871 daAuts
     D:3: 732 daAuts
